[Event "Titled Tuesday Blitz June 28 Early 2022"]
[White "Zochowski, Kacper"]
[Black "Silvestre, Christian"]
[WhiteFideId "1125494"]
[BlackFideId "30956269"]
[WhiteElo "2214"]
[BlackElo "2357"]
[Result "0-1"]
[Round "11"]
[TimeControl "180+1"]
[Date "2022.06.28"]
[WhiteClock "0:00:13"]
[BlackClock "0:00:11"]

1. d4 Nf6 2. Bg5 d6 3. Nd2 e5 4. e3 h6 5. Bh4 Be7 6. Bd3 Nc6 7. c3 Bg4 8. f3 Bd7 9. Ne2 Nd5 10. Bf2 Bg5 11. Nf1 exd4 12. e4 Ne3 13. Bxe3 dxe3 14. f4 Bf6 15. Nxe3 O-O 16. O-O Re8 17. Qc2 a6 18. Rae1 b5 19. Nd5 b4 20. cxb4 Rb8 21. a3 a5 22. b5 Nd4 23. Nxd4 Bxd4+ 24. Kh1 Bxb5 25. Nxc7 Bxd3 26. Qxd3 Qxc7 27. Qxd4 Qb6 28. Qxb6 Rxb6 29. Rf2 Reb8 30. Ree2 a4 31. g3 Kf8 32. Kg2 Ke7 33. Rc2 R8b7 34. Rfe2 Rb3 35. e5 d5 36. Red2 Rd7 37. Rd4 Rdb7 38. Rxa4 Rxb2 39. Rxb2 Rxb2+ 40. Kh3 Rb3 41. Ra7+ Ke6 42. Ra6+ Kf5 43. Rd6 Ke4 44. e6 fxe6 45. Rxe6+ Kf3 46. Rg6 d4 47. Rxg7 Rxa3 48. Rd7 Ke3 49. f5 d3 50. f6 Ra6 51. f7 Rf6 52. Kh4 d2 53. Kh5 Rxf7 54. Rxd2 Kxd2 55. Kxh6 Ke3 56. g4 Kf4 57. g5 Kf5 58. g6 Rf6 59. Kh7 Rxg6 60. h4 Rg1 61. h5 Kg5 62. h6 Rh1 63. Kg7 Rxh6 0-1


[Site "https://www.chess.com"]

[Event "Titled Tuesday Blitz June 28 Early 2022"]
[White "Zubritskiy, Artyom"]
[Black "Sokolovsky, Yahli"]
[WhiteFideId "4181247"]
[BlackFideId "2820242"]
[WhiteElo "2478"]
[BlackElo "1770"]
[Result "1-0"]
[Round "11"]
[TimeControl "180+1"]
[Date "2022.06.28"]
[WhiteClock "0:00:07"]
[BlackClock "0:00:03"]

1. d4 d6 2. Nf3 g6 3. g3 Bg7 4. Bg2 Nf6 5. c4 O-O 6. O-O Nc6 7. d5 Nb8 8. Nc3 e5 9. dxe6 fxe6 10. b3 Nc6 11. Bb2 Ne4 12. Qc2 Nxc3 13. Bxc3 Bxc3 14. Qxc3 Qf6 15. Rac1 Qxc3 16. Rxc3 Bd7 17. Rd1 Rad8 18. Ng5 h6 19. Ne4 Ne7 20. Rcd3 Bc6 21. Nc5 Rf6 22. Nxb7 Rb8 23. Na5 Bxg2 24. Kxg2 Rf5 25. c5 Rxc5 26. Nc4 Nc6 27. R3d2 a5 28. Nb2 Nb4 29. Na4 Rc6 30. e4 Rb5 31. f3 Kf7 32. Kf2 Kf6 33. Ke2 d5 34. exd5 Nxd5 35. Kf2 Nb4 36. Re2 Rd5 37. Rdd2 Rc1 38. a3 Nd3+ 39. Ke3 Ne1 40. Rxd5 exd5 41. Kd2 Ra1 42. Rxe1 Rxa3 43. Kc2 Ra2+ 44. Nb2 c5 45. Re8 a4 46. bxa4 c4 47. f4 d4 48. Kb1 Ra3 49. Nxc4 Rb3+ 50. Nb2 Kf5 51. Rd8 Rb4 52. Kc2 Kg4 53. a5 Rb5 54. a6 Ra5 55. Rd6 g5 56. fxg5 hxg5 57. Nd3 Kh3 58. Rh6+ Kg2 59. Nb4 Ra4 60. Kb3 Ra1 61. Kc4 Ra4 62. Kb5 Ra1 63. Rd6 Kxh2 64. g4 Kg3 65. Rxd4 Kh4 66. Kb6 Ra3 67. a7 Ra4 68. Rc4 Ra3 69. Na6 Rc3 70. Rxc3 1-0